 Dungeon Crawl Stone Soup version 0.24.0-2-g5b39cebb1c (webtiles) character file.

Game seed: 14432963068394657678, levelgen mode: deterministic

6984 Aviak the Cleaver (level 11, -8/101 HPs)
             Began as a Hill Orc Monk on Oct 30, 2019.
             Was a Believer of Qazlal.
             Mangled by a white ugly thing (34 damage)
             ... on level 9 of the Dungeon.
             The game lasted 00:19:18 (12374 turns).

Aviak the Cleaver (Hill Orc Monk)                  Turns: 12374, Time: 00:19:20

Health: -8/101     AC:  8    Str: 18    XL:     11   Next: 8%
Magic:  18/18      EV: 15    Int: 10    God:    Qazlal [**....]
Gold:   488        SH:  3    Dex: 13    Spells: 10/10 levels left

rFire    + . .     SeeInvis .   f - +0 war axe (chop)
rCold    . . .     Gourm    .   (no shield)
rNeg     . . .     Faith    .   l - +1 ring mail
rPois    .         Spirit   .   y - +0 hat
rElec    .         Reflect  .   w - +0 cloak
rCorr    .         Harm     .   (no gloves)
MR       .....                  n - +0 pair of boots
Stlth    +.........             (no amulet)
HPRegen  0.26/turn              F - ring of protection from fire
MPRegen  0.16/turn              (no ring)

@: no status effects
A: no striking features
a: Upheaval, Renounce Religion


You were on level 9 of the Dungeon.
You worshipped Qazlal.
Qazlal was pleased with you.
You were not hungry.

You visited 2 branches of the dungeon, and saw 11 of its levels.
You also visited: Sewer.

You collected 585 gold pieces.
You spent 97 gold pieces at shops.

Inventory:

Hand Weapons
 a - a +1 hand axe
 f - a +0 war axe of chopping (weapon)
Armour
 b - a +0 robe
 k - a +0 plate armour
 l - a +1 ring mail (worn)
 n - a +0 pair of boots (worn)
 w - a +0 cloak (worn)
 y - a +0 hat (worn)
Jewellery
 o - an uncursed amulet of harm
 q - an uncursed ring of magical power {unknown}
 A - an uncursed ring of protection from cold {unknown}
 F - a ring of protection from fire (left hand)
Wands
 j - a wand of flame (23)
 v - a wand of acid (5)
Scrolls
 e - 3 scrolls of enchant armour
 g - 3 scrolls of magic mapping
 i - 6 scrolls of identify
 r - 4 scrolls of remove curse
 s - a scroll of amnesia
 u - 5 scrolls of enchant weapon
 x - a scroll of blinking
Potions
 h - 6 potions of flight
 m - 2 potions of brilliance
 p - a potion of mutation {!q}
Comestibles
 d - 4 rations


   Skills:
 + Level 10.7 Fighting
 + Level 11.5 Axes
 + Level 7.5 Dodging
 - Level 1.5 Stealth
 + Level 10.2 Invocations


You had 10 spell levels left.
You didn't know any spells.
Your spell library contained the following spells:

 Spells                   Type           Power        Failure   Level  Hunger
 Corona                   Hex            #......      56%         1    ##.....
 Sandblast                Erth           #.....       56%         1    ##.....
 Passwall                 Tmut/Erth      #.......     71%         2    ###....
 Slow                     Hex            #.......     71%         2    ###....
 Inner Flame              Hex/Fire       #.......     90%         3    ####...
 Portal Projectile        Hex/Tloc       #.....       90%         3    ####...
 Stone Arrow              Conj/Erth      #.....       90%         3    ####...
 Cause Fear               Hex            #.........   100%        4    #####..
 Leda's Liquefaction      Hex/Erth       #.........   100%        4    #####..
 Petrify                  Tmut/Erth      #.......     100%        4    #####..
 Lee's Rapid Deconstruct  Erth           #.........   100%        5    ######.


Dungeon Overview and Level Annotations

Branches:
Dungeon (10/15)            Temple (1/1) D:4            Lair (0/6) D:9
    Orc (0/2) D:9           Sewer (visited)

Altars:
Ashenzari
Cheibriados
Dithmenos
Elyvilon
Fedhas
Gozag
Hepliaklqana
Kikubaaqudgha
Makhleb
Nemelex Xobeh
Okawaru
Qazlal
Ru
Sif Muna
Uskayaw
Vehumet
Wu Jian
Xom
Yredelemnul
Zin
The Shining One

Shops:
D:4 ?   D:9 (

Annotations:
D:6 1 runed translucent door, Aviak's ghost, novice OpTm


Message History

The acid corrodes the white ugly thing!
The white ugly thing is lightly wounded.
The white ugly thing misses you.
You closely miss the white ugly thing.
The white ugly thing is lightly wounded.
The white ugly thing completely misses you.
You barely miss the white ugly thing.
The white ugly thing is lightly wounded.
The white ugly thing stings you. The white ugly thing freezes you!
You closely miss the white ugly thing.
The white ugly thing is lightly wounded.
The white ugly thing stings you. The white ugly thing freezes you!!
Okay, then.
The white ugly thing is no longer covered in acid.
The white ugly thing stings you but does no damage.
Okay, then.
You feel better. The white ugly thing stings you!
* * * LOW HITPOINT WARNING * * *
The white ugly thing freezes you!!
You die...

#.# #................#.. #### #.#
#......<............
...#######.###..........######...
...'....................# #...
...#######.###.....###### #...
.............#.....#### #...
.#########.#.#.....§..########.##
.### #..#...................#
...# #.####.☼@u....##########
...# #.# #..☼.....# ###### ...##
#.# #........# #.....
....#####.########.#########.....
................)..........#.....
#)..#####)##.#(###^#######.#.....
#...#####(##.#.........#.)).....>
......((..##)#.###.###.#.#.#.....
#...########(#.# #<....#.#.#.....


You could see a white ugly thing.

Vanquished Creatures
  A two-headed ogre (D:9)
  A kobold demonologist (D:9)
  2 trolls
  Grinder (D:6)
  A hippogriff (D:8)
  2 wyverns
  A vampire (D:8)
  Grum (D:8)
  Duvessa (D:4)
  A water moccasin (D:5)
  Purgy (Sewer)
  3 orc warriors
  5 sky beasts
  2 ice beasts
  2 ogres
  A phantom (D:10)
  4 wolves
  4 centaurs
  16 big kobolds
  Dowan (D:4)
  2 scorpions
  4 wights (D:8)
  2 crimson imps
  4 howler monkeys
  2 hounds (D:9)
  A bullfrog skeleton (D:9)
  4 orc priests
  2 centaur skeletons
  3 jellies
  6 orc wizards
  3 iguanas
  4 worker ants
  A killer bee zombie (D:9)
  4 hound skeletons
  A worker ant zombie (D:9)
  A howler monkey skeleton (D:9)
  11 adders
  A river rat (D:3)
  3 shadow imps
  A worm (D:3)
  2 dart slugs (D:2)
  7 leopard geckos
  34 orcs
  6 bats
  8 giant cockroaches
  12 goblins
  7 hobgoblins
  3 jackals (D:2)
  3 quokkas
  A ball python (D:4)
  7 frilled lizards
  38 kobolds
  A quokka skeleton (D:7)
  10 rats
250 creatures vanquished.

Notes
Turn   | Place    | Note
-------+----------+-------------------------------------------
     0 | D:1      | Aviak the Hill Orc Monk began the quest for the Orb.
     0 | D:1      | Reached XP level 1. HP: 19/19 MP: 1/1
    99 | D:1      | Reached XP level 2. HP: 22/27 MP: 2/2
   744 | D:1      | Reached XP level 3. HP: 30/33 MP: 3/3
   945 | D:2      | Found a blossoming altar of Fedhas.
   946 | D:2      | Found a white marble altar of Elyvilon.
   946 | D:2      | Found a sacrificial altar of Ru.
   947 | D:2      | Found a sparkling altar of Nemelex Xobeh.
   947 | D:2      | Found a stormy altar of Qazlal.
   947 | D:2      | Found a snail-covered altar of Cheibriados.
   955 | D:2      | Became a worshipper of Qazlal Stormbringer
   955 | D:2      | Reached * piety under Qazlal
   955 | D:2      | Reached ** piety under Qazlal
  1608 | D:2      | Reached XP level 4. HP: 41/41 MP: 4/4
  1959 | D:3      | Reached skill level 5 in Axes
  2170 | D:3      | Reached XP level 5. HP: 24/47 MP: 5/5
  2187 | D:3      | Reached *** piety under Qazlal
  2309 | D:3      | HP: 1/47 [worm (8)]
  2548 | D:3      | Reached skill level 5 in Fighting
  2651 | D:3      | Found a glowing drain.
  2673 | Sewer    | Entered a sewer
  2756 | Sewer    | Noticed Purgy
  2778 | Sewer    | Killed Purgy
  2778 | Sewer    | Reached skill level 1 in Invocations
  2778 | Sewer    | Reached XP level 6. HP: 24/56 MP: 5/7
  3022 | D:3      | Reached skill level 6 in Axes
  3463 | D:4      | Found a staircase to the Ecumenical Temple.
  3466 | D:4      | Noticed a sky beast
  3467 | D:4      | Noticed Dowan
  3475 | D:4      | Noticed Duvessa
  3477 | Temple   | Entered the Ecumenical Temple
  3784 | D:4      | Reached XP level 7. HP: 25/62 MP: 7/9
  3829 | D:4      | Killed Duvessa
  3854 | D:4      | Killed Dowan
  4226 | D:4      | Reached skill level 7 in Axes
  4379 | D:4      | Found Dacsedd's Magic Scroll Boutique.
  4384 | D:4      | Bought a scroll of enchant weapon for 97 gold pieces
  4481 | D:5      | Entered Level 5 of the Dungeon
  4495 | D:5      | Reached XP level 8. HP: 63/71 MP: 11/11
  4992 | D:5      | Reached skill level 5 in Invocations
  5497 | D:5      | Reached skill level 8 in Axes
  5497 | D:5      | Reached skill level 5 in Dodging
  5914 | D:6      | Noticed Aviak's ghost (novice OpTm)
  5917 | D:6      | Found a runed translucent door.
  5982 | D:6      | You fall into a shaft and drop 1 floor!
  6307 | D:6      | Found a sacrificial altar of Ru.
  6356 | D:6      | Reached XP level 9. HP: 61/81 MP: 13/13
  6473 | D:6      | Noticed Grinder
  6486 | D:6      | Paralysed by Grinder for 6 turns
  6498 | D:6      | Killed Grinder
  6657 | D:6      | Found a shadowy altar of Dithmenos.
  7475 | D:7      | Reached skill level 9 in Axes
  8019 | D:8      | Noticed Grum
  8027 | D:8      | Killed Grum
  8031 | D:8      | HP: 4/82 [wolf[Grum] (5)]
  8902 | D:8      | Reached skill level 10 in Axes
  9242 | D:8      | Found a glowing silver altar of Zin.
  9331 | D:9      | Reached XP level 10. HP: 91/91 MP: 16/16
  9722 | D:9      | Found a staircase to the Orcish Mines.
 10135 | D:9      | Found Nuchiriw's Weapon Emporium.
 10138 | D:9      | Found a staircase to the Lair.
 10639 | D:9      | Noticed a kobold demonologist
 10653 | D:9      | Killed a kobold demonologist
 10678 | D:9      | Reached skill level 10 in Fighting
 10721 | D:9      | Noticed a two-headed ogre
 10740 | D:9      | Killed a two-headed ogre
 10740 | D:9      | Reached skill level 11 in Axes
 11154 | D:9      | Found a glowing golden altar of the Shining One.
 11460 | D:10     | Entered Level 10 of the Dungeon
 11492 | D:10     | Reached skill level 10 in Invocations
 11503 | D:10     | Reached XP level 11. HP: 56/101 MP: 18/18
 11921 | D:10     | Noticed a white ugly thing
 12374 | D:9      | Mangled by a white ugly thing

Levels and vault maps discovered:
D:1:      erik_arrival_blinker_ship, layout_basic, minmay_tromino_v2
D:2:      layout_basic, grunt_temple_overflow_open
D:3:      layout_basic, portal_sewer_entry_b, minmay_pentangle
D:4:      layout_basic, minmay_temple_entry_statues_pillars, serial_shops,
          kennysheep_little_box, hangedman_decor_clover_reticule, uniq_duvessa
D:5:      layout_basic, first_ration
D:6:      layout_cave_pods, grunt_dithmenos_shadows,
          hellmonk_ghost_happy_afterlife, nicolae_ru_sacrificial_ziggurat,
          uniq_grinder
D:7:      layout_loops_ring
D:8:      layout_cave_pools, kennysheep_mini_moat, uniq_grum
D:9:      layout_basic, overflow_temple_1_default, lair_entry_dummy,
          orc_david_3, special_room [special_room_kobold]
D:10:     layout_roguey [special_room_orc], hangedman_ranch
          [blue_anna_fruit_fields]
Temple:   dshaligram_water_room_temple

Skill      XL: |  1  2  3  4  5  6  7  8  9 10 |
---------------+-------------------------------+-----
Fighting       | 4 5 6 7 9 10 | 10.7
Dodging        | 3 4 5 6 7 |  7.5
Axes           | 5 6 7 8 10 11 | 11.5
Invocations    | 1 3 4 6 8 10 | 10.2
Stealth        | |  1.5

Action                   |  1- 3 |  4- 6 |  7- 9 | 10-12 || total
-------------------------+-------+-------+-------+-------++-------
Melee: Hand axe          |   159 |   225 |   431 |    96 ||   911
       War axe           |       |       |       |   197 ||   197
Invok: Upheaval          |       |     2 |    17 |    11 ||    30
Evoke: Wand              |       |       |     6 |     5 ||    11
  Use: Potion            |     1 |     3 |     7 |     4 ||    15
       Scroll            |       |     9 |     5 |     3 ||    17
 Stab: Sleeping          |     1 |       |       |       ||     1
       Invisible         |       |     1 |       |       ||     1
  Eat: Chunk             |     2 |     7 |     8 |     2 ||    19
       Ration            |       |       |     3 |     3 ||     6
Armor: Robe              |    31 |     9 |       |       ||    40
       Ring mail         |       |    66 |   112 |    58 ||   236
Dodge: Dodged            |   103 |   149 |   250 |   151 ||   653
Block: Other             |     9 |    37 |    81 |    32 ||   159
